 Dungeon Crawl Stone Soup version 0.27-a0-1200-g94dc6ad4cf (webtiles) character file.

Game seed: 7403338481386727546

128 27snakeeyes612 the Skirmisher (level 5, -1/50 HPs)
             Began as a Naga Berserker on June 1, 2021.
             Was a Believer of Trog.
             Slain by a gnoll
             ... wielding a +0 flail
              (4 damage)
             ... on level 2 of the Dungeon.
             The game lasted 00:01:36 (2379 turns).

27snakeeyes612 the Skirmisher (Naga Berserker)      Turns: 2379, Time: 00:01:37

Health: -1/50      AC:  3    Str: 20    XL:     5   Next: 11%
Magic:  5/5        EV: 10    Int:  8    God:    Trog [**....]
Gold:   112        SH:  0    Dex: 10    Spells: 4/4 levels left

rFire    + . .     SeeInvis +   a - +0 falchion
rCold    x . .     Faith    .   (no shield)
rNeg     . . .     Spirit   .   b - +0 animal skin
rPois    +         Reflect  .   (no helmet)
rElec    .         Harm     .   (no cloak)
rCorr    .         Rampage  .   h - +0 pair of gloves
Will     .....                  (no barding)
Stlth    ++........             (no amulet)
HPRegen  0.16/turn              g - ring of fire
MPRegen  0.09/turn              (no ring)

@: very slow
A: AC +1, large, see invisible, deformed body, poison resistance, slowness 2,
spit poison 1, naga tail 1
a: Spit Poison, Renounce Religion, Berserk, Trog's Hand


You were on level 2 of the Dungeon.
You worshipped Trog.
Trog was pleased with you.
You visited 1 branch of the dungeon, and saw 3 of its levels.

You collected 112 gold pieces.

Inventory:

Hand Weapons
 a - a +0 falchion (weapon)
Armour
 b - a +0 animal skin (worn)
 h - a +0 pair of gloves (worn)
Jewellery
 g - a ring of fire (left hand)
Scrolls
 c - a scroll of immolation {unknown}
 d - a scroll of blinking {unknown}
 e - 3 scrolls of identify {unknown}
 f - a scroll of fog {unknown}
 i - a scroll of amnesia {unknown}
 j - 2 scrolls of teleportation {unknown}
Potions
 k - a potion of resistance {unknown}
 l - a potion of heal wounds {unknown}
 m - a potion of might


   Skills:
 + Level 3.8 Fighting
 + Level 3.8 Long Blades
 + Level 1.9 Armour
 + Level 2.3 Dodging
 + Level 2.7 Stealth


You had 4 spell levels left.
You didn't know any spells.
Your spell library was empty.

Dungeon Overview and Level Annotations

Branches:
Dungeon (3/15)

Altars:

Shops:
D:2 *


Innate Abilities, Weirdness & Mutations

Your serpentine skin is tough. (AC +1)
You have supernaturally acute eyesight. (SInv)
Armour fits poorly on your strangely shaped body.
Your system is resistant to poisons. (rPois)
You cover ground very slowly.
You can spit poison.
You have a snake-like lower body.


Message History

A gnoll comes into view. It is wielding a +0 flail.
A gnoll is nearby!
A gnoll is nearby!
A gnoll comes into view. It is wielding a +0 whip.
The gnoll shouts!
You hear a shout! x2
A gnoll comes into view. It is wielding a +0 flail.
A gnoll comes into view. It is wielding a +0 spear.
The gnoll hits you with a +0 flail. The gnoll hits you with a +0 flail!
The gnoll hits you with a +0 flail.
A jackal comes into view.
There is a stone staircase leading up here.
The gnoll hits you with a +0 flail.
You climb upwards.
There is a stone staircase leading down here.
You barely miss the gnoll. The gnoll hits you with a +0 flail.
You barely miss the gnoll. The gnoll barely misses you.
You barely miss the gnoll. The gnoll barely misses you.
You slash the gnoll!
The gnoll is heavily wounded.
The gnoll hits you with a +0 flail!
You hit the gnoll.
The gnoll is almost dead.
The gnoll hits you with a +0 flail.
* * * LOW HITPOINT WARNING * * *
You closely miss the gnoll.
The gnoll is almost dead.
The gnoll hits you with a +0 flail.
* * * LOW HITPOINT WARNING * * *
You hit the gnoll but do no damage.
The gnoll is almost dead.
The gnoll barely misses you.
You barely miss the gnoll.
The gnoll is almost dead.
The gnoll hits you with a +0 flail!
* * * LOW HITPOINT WARNING * * *
You closely miss the gnoll.
The gnoll is almost dead.
The gnoll hits you with a +0 flail.
You die...

....# ########........)..##
.##.###........###.#.###..#
.##.##..#######....#.# ##.#
.##.##.## #....#.# #.#
.##....# #....#.# #.#
.#....## ##รท.....# #.#
...##.## ##....#..## #.#
..###..# ###..g..##..###.#
#.# ##.# #...#.@.##......#
..####.####.(.#...#..######
....................##
....###....#.#####..#
.##.......#......#.##
...........P.....#.#
...#.###.....:...#.#
<....#..)..........######
..###..##.#.P...........###


You could see a gnoll.

Vanquished Creatures
  Terence (D:3)
  6 adders (D:2)
  2 dart slugs (D:2)
  5 endoplasms
  4 giant cockroaches (D:1)
  3 goblins
  5 hobgoblins
  2 jackals (D:2)
  4 kobolds
  2 quokkas
  4 ball pythons
  A bat (D:1)
  4 frilled lizards
  A rat (D:1)
44 creatures vanquished.

Vanquished Creatures (others)
  4 plants (D:2)
4 creatures vanquished.

Grand Total: 48 creatures vanquished

Notes
Turn   | Place    | Note
-------+----------+-------------------------------------------
     0 | D:1      | 27snakeeyes612 the Naga Berserker began the quest for the
                  | Orb.
     0 | D:1      | Reached XP level 1. HP: 21/21 MP: 1/1
   337 | D:1      | Reached XP level 2. HP: 17/28 MP: 2/2
  1083 | D:1      | Reached XP level 3. HP: 33/34 MP: 3/3
  1514 | D:2      | Reached skill level 1 in Stealth
  1673 | D:2      | Found Xanox's General Store.
  1722 | D:2      | Reached XP level 4. HP: 21/42 MP: 4/4
  2043 | D:2      | Reached ** piety under Trog
  2278 | D:3      | Noticed Terence
  2286 | D:3      | Killed Terence
  2287 | D:3      | Reached XP level 5. HP: 50/50 MP: 5/5
  2378 | D:2      | HP: 2/50 [gnoll/+0 flail (8)]
  2379 | D:2      | Slain by a gnoll

Illustrated notes

Levels and vault maps discovered:
D:1:      evilmike_arrival_hilbert_curve, layout_basic, grunt_decor_mini_mirrors
D:2:      cheibrodos_old_hovel, layout_rooms, serial_shops, nicolae_shop_stone
D:3:      layout_loops_ring, hellmonk_ecumenical_altar_heavens_door,
          chequers_garden, uniq_crazy_yiuf_cottage, uniq_terence, uniq_jessica

Skill      XL: |  1  2  3 |
---------------+----------+-----
Stealth        | 2 |  2.7
Dodging        | 2 |  2.3
Fighting       | |  3.8
Long Blades    | |  3.8
Armour         | |  1.9

Action                   |  1- 3 |  4- 6 || total
-------------------------+-------+-------++-------
Melee: Falchion          |    90 |    43 ||   133
Invok: Berserk           |     1 |     3 ||     4
 Stab: Sleeping          |     2 |     1 ||     3
Armor: Animal skin       |    14 |     9 ||    23
Dodge: Dodged            |    57 |    28 ||    85
       Rpst.: Falchion   |    16 |    13 ||    29

Table legend: (Time is in decaauts)
 A = Elapsed time spent in this place.
 B = Non-inter-level travel time spent in this place.
 C = Inter-level travel time spent in this place.
 D = Time resting spent in this place.
 E = Time spent auto-exploring this place.
 F = Levels seen in this place.
 G = Mean time per level.
                   A        B        C        D        E       F      G
               +--------+--------+--------+--------+--------+-----+--------+
         Total |   2964 |   2899 |     65 |    219 |   2290 |   3 |  988.0 |
       Dungeon |   2964 |   2899 |     65 |    219 |   2290 |   3 |  988.0 |
               +--------+--------+--------+--------+--------+-----+--------+

Top non-repeatable levels by time:
     D:1: 1577 daAuts
     D:2: 1270 daAuts
     D:3: 115 daAuts
